 Seeded DCSS version 0.30-a0-956-gcec3b41aec (webtiles) character file.

Game seed: 13137397067068997422 (custom seed)

18 mistaj the Trooper (level 2, 0/16 HPs)
             Began as a Vine Stalker Fighter on Mar 30, 2023.
             Slain by a kobold
             ... wielding a +0 short sword
              (2 damage)
             ... on level 1 of the Dungeon.
             The game lasted 00:01:19 (323 turns).

mistaj the Trooper (Vine Stalker Fighter)            Turns: 323, Time: 00:01:20

Health: 0/16       AC:  6    Str: 18    XL:     2   Next: 66%
Magic:  0/3        EV:  9    Int:  8    God:
Gold:   19         SH:  4    Dex: 13    Spells: 1/1 levels left

rFire   . . .      SeeInvis .    a - +0 war axe
rCold   . . .      Faith    .    c - +0 buckler
rNeg    . . .      Spirit   +    b - +0 scale mail
rPois   .          Reflect  .    (no helmet)
rElec   .          Rampage  .    (no cloak)
rCorr   .                        (no gloves)
Will    .....                    (no boots) Stlth
                                 (no amulet)
HPRegen 0.22/turn                (no ring)
MPRegen 0.08/turn                (no ring)

@: no status effects
A: fangs 2, magic shield, antimagic bite, no potion heal 2
a: no special abilities


You were on level 1 of the Dungeon.
You visited 1 branch of the dungeon, and saw 1 of its levels.

You collected 19 gold pieces.

Inventory:

Hand Weapons
 a - a +0 war axe (weapon)
 f - a +2 war axe of distortion
Armour
 b - a +0 scale mail (worn)
 c - a +0 buckler (worn)
Scrolls
 e - 2 scrolls of identify {unknown}
Potions
 d - a potion of might


   Skills:
 + Level 3.0 Fighting
 + Level 2.2 Axes
 - Level 2.4 Armour
 + Level 3.0 Shields


You had one spell level left.
You didn't know any spells.
Your spell library contained the following spells:

 Spells                   Type           Power      Damage    Failure   Level
 Yara's Violent Unravell  Hex/Tmut       0%         3d3       100%        5
 Enfeeble                 Hex            0%         N/A       100%        7


Dungeon Overview and Level Annotations

Branches:
Dungeon (1/15)

Altars:


Innate Abilities, Weirdness & Mutations

You have extremely sharp teeth.
When hurt, damage is shared between your health and your magic reserves.
Your bite disrupts and absorbs the magic of your enemies.
Potions cannot restore your health.


Message History

* * * LOW HITPOINT WARNING * * *
You hit the hobgoblin. You bite the hobgoblin.
You kill the hobgoblin!
You hit the goblin. You barely miss the ball python.
The ball python bites you but does no damage.
The ball python closely misses you. The goblin hits you but does no damage.
The ball python closely misses you. The ball python barely misses you.
The kobold throws a stone.
The stone hits you but does no damage. The goblin barely misses you.
The ball python bites you but does no damage.
The ball python barely misses you.
You see here a hobgoblin corpse.
The goblin hits you but does no damage.
You closely miss the ball python. You closely miss the goblin.
The ball python bites you but does no damage.
The ball python barely misses you. The goblin hits you with a +0 club.
* * * LOW HITPOINT WARNING * * *
The ball python bites you but does no damage.
The ball python completely misses you. You block the goblin's attack.
The kobold throws a stone.
You block the stone. The ball python closely misses you.
The ball python grabs you. The ball python constricts you.
You escape the ball python's grasp.
The ball python bites you but does no damage.
The ball python closely misses you.
The kobold hits you with a +0 short sword.
* * * LOW HITPOINT WARNING * * *
The ball python barely misses you. You block the ball python's attack.
The goblin attacks as you move away! The goblin hits you but does no damage.
The kobold hits you but does no damage. The ball python closely misses you.
The ball python grabs you. The ball python constricts you.
You escape the ball python's grasp.
The goblin attacks as you move away! The goblin closely misses you.
The kobold barely misses you. You block the goblin's attack.
The kobold hits you but does no damage.
You see here a hobgoblin corpse.
The goblin attacks as you move away! The goblin closely misses you.
The kobold closely misses you. The kobold attacks as you move away!
The kobold hits you with a +0 short sword.
You die...

.)... #.....# . .....#
#.....#######...
......###...............
).......................
.......#................
.......#.........####...
#..........###...####...
.......gK...............
#.#..#.@S..###...#......
..........## #...#......
#....#.#..# .....#......
#.#|.#.#..##.....#......
. #. #.....+...###......
.. ##...##... #.......
## #...##[## #......#
#...# ##......#
#........


You could see a goblin, a ball python and a kobold.

Vanquished Creatures
  A dart slug (D:1)
  An endoplasm (D:1)
  A giant cockroach (D:1)
  A goblin (D:1)
  4 hobgoblins (D:1)
  A quokka (D:1)
  2 bats (D:1)
  2 kobolds (D:1)
13 creatures vanquished.

Notes
Turn   | Place    | Note
-------+----------+-------------------------------------------
     0 | D:1      | mistaj the Vine Stalker Fighter began the quest for the
                  | Orb.
     0 | D:1      | Reached XP level 1. HP: 11/11 MP: 2/2
   132 | D:1      | Reached XP level 2. HP: 16/16 MP: 3/3
   172 | D:1      | Identified a scroll of acquirement
   172 | D:1      | Acquired a +2 war axe of distortion
   323 | D:1      | Slain by a kobold

Illustrated notes

Levels and vault maps discovered:
D:1:      dpeg_arrival_long_road, layout_basic

Skill      XL: |  1  2 |
---------------+-------+-----
Axes           | 2 |  2.2
Fighting       | 3 |  3.0
Shields        | 3 |  3.0
Armour         | |  2.4

Action                     || total
---------------------------++-------
  Melee: War axe           ||    44
         Bite              ||    10
    Use: Scroll            ||     1
 Armour: Scale mail        ||    51
  Dodge: Dodged            ||    56
  Block: Buckler           ||    25

Table legend: (Time is in decaauts)
 A = Elapsed time spent in this place.
 B = Non-inter-level travel time spent in this place.
 C = Inter-level travel time spent in this place.
 D = Time resting spent in this place.
 E = Time spent auto-exploring this place.
 F = Levels seen in this place.
 G = Mean time per level.
                   A        B        C        D        E       F      G
               +--------+--------+--------+--------+--------+-----+--------+
         Total |    341 |    341 |      0 |     15 |    125 |   1 |  341.0 |
       Dungeon |    341 |    341 |      0 |     15 |    125 |   1 |  341.0 |
               +--------+--------+--------+--------+--------+-----+--------+

Top non-repeatable levels by time:
     D:1: 341 daAuts
